 Dungeon Crawl Stone Soup version 0.30-a0-878-gc727b3d3d6 (webtiles) character file.

Game seed: 3678833854104012803

4 M4edhros the Charlatan (level 1, -1/13 HPs)
             Began as an Octopode Artificer on Mar 12, 2023.
             Frozen to death by an endoplasm (3 damage)
             ... on level 3 of the Dungeon.
             The game lasted 00:00:23 (326 turns).

M4edhros the Charlatan (Octopode Artificer)          Turns: 326, Time: 00:00:24

Health: -1/13      AC:  1    Str: 11    XL:     1   Next: 70%
Magic:  1/1        EV: 13    Int: 13    God:
Gold:   14         SH:  0    Dex: 12    Spells: 0/0 levels left

rFire   . . .      SeeInvis .      - Unarmed
rCold   . . .      Faith    .    (no shield)
rNeg    . . .      Spirit   .    (helmet restricted)
rPois   .          Reflect  .    (no amulet)
rElec   .          Rampage  .    (no ring)
rCorr   .                        (no ring)
Will    .....                    (no ring)
Stlth   +++                      (no ring)
HPRegen 0.22/turn                (no ring)
MPRegen 0.07/turn                (no ring)
                                 (no ring)
                                 (no ring)

@: no status effects
A: almost no armour, amphibious, 8 rings, camouflage 1, gelatinous body 1,
(nimble swimmer 1), tentacles
a: no special abilities


You were on level 3 of the Dungeon.
You visited 1 branch of the dungeon, and saw 3 of its levels.

You collected 14 gold pieces.

Inventory:

Wands
 b - a wand of flame (15) (quivered)
 c - a wand of charming (14)
 d - a wand of iceblast (5)
Scrolls
 a - a scroll of identify {unknown}
Potions
 e - a potion of brilliance {unknown}


   Skills:
 - Level 1.0 Fighting
 - Level 2.3 Dodging
 - Level 1.3 Stealth
 + Level 1.2 Unarmed Combat
 - Level 3.2 Evocations


You couldn't memorise any spells.
You didn't know any spells.
Your spell library was empty.

Dungeon Overview and Level Annotations

Branches:
Dungeon (3/15)

Altars:


Innate Abilities, Weirdness & Mutations

You cannot wear most types of armour.
You are amphibious.
You can wear up to eight rings at the same time.
Your skin changes colour to match your surroundings (Stealth+).
Your rubbery body absorbs attacks. (AC +1, EV +1)
((You are camouflaged when in or above water. (Stealth+)))
You have tentacles for arms and can constrict up to eight enemies at once.


Message History

The orc closely misses you.
Aiming: Charm
Press: ? - help, Shift-Dir - straight line, f - orc wizard
Aim: an orc wizard, wielding a +0 dagger and wearing a +0 robe (chance to affect: 57%)
The orc wizard is charmed.
The orc hits you with a +0 mace!
Ouch! That really hurt!
You closely miss the orc. You grab the orc.
You squeeze the orc, but do no damage.
You constrict the orc, but do no damage.
Your orc wizard hits the orc with a +0 dagger.
Something barely misses your orc wizard.
The orc escapes!
The ball python completely misses your orc wizard.
The ball python grabs your orc wizard.
The ball python constricts your orc wizard.
Unknown command.
Unknown command.
Unknown command.
The orc attacks as you move away! The orc closely misses you.
The ball python bites something but does no damage.
The ball python constricts something.
Something hits the ball python.
The endoplasm hits you.
* * * LOW HITPOINT WARNING * * *
Unknown command.
Unknown command.
Unknown command.
Unknown command.
Unknown command.
The kobold attacks as you move away! The kobold barely misses you.
The orc attacks as you move away! The orc hits you with a +0 mace.
* * * LOW HITPOINT WARNING * * *
The ball python bites your orc wizard.
The ball python constricts your orc wizard.
Your orc wizard casts a spell at the ball python.
The magic dart hits the ball python.
The ball python dies!
An orc comes into view. It is wielding a +0 dagger.
The endoplasm freezes you.
You are frozen.
You die...

.......####....##
#....#.........#
#....#.........#
#..............#
#..............#####.#
####...#######.......##.
#.### ####.###......
####.# ####....###......
...... .......oK@....#
... .. .......o#J#...#
... .#.........o........
##. ....###.o........ ..
.... #..##.#.... .. ...
o..# .# .#. .. .. ....#
.# # #....# . ..#.#


You could see 4 orcs, an endoplasm, a kobold and a friendly orc wizard (charmed,
unaware).

Vanquished Creatures
  A giant cockroach (D:1)
  A hobgoblin (D:2)
  2 bats (D:3)
  A rat (D:1)
5 creatures vanquished.

Vanquished Creatures (collateral kills)
  A ball python (D:3)
1 creature vanquished.

Grand Total: 6 creatures vanquished

Notes
Turn   | Place    | Note
-------+----------+-------------------------------------------
     0 | D:1      | M4edhros the Octopode Artificer began the quest for the
                  | Orb.
     0 | D:1      | Reached XP level 1. HP: 13/13 MP: 1/1
   132 | D:2      | Reached skill level 1 in Unarmed Combat
   319 | D:3      | Noticed an orc wizard
   326 | D:3      | Frozen to death by an endoplasm

Illustrated notes

Levels and vault maps discovered:
D:1:      psy_arrival_conway, layout_basic,
          shapermc_ecumenical_altar_totnotflames, minmay_misc_feat_columns
D:2:      layout_basic, serial_shops, nicolae_shop_window_shopping, basic_altar,
          uniq_jessica
D:3:      layout_basic

Skill      XL: |  1 |
---------------+----+-----
Unarmed Combat | 1 |  1.2
Fighting       | |  1.0
Dodging        | |  2.3
Stealth        | |  1.3
Evocations     | |  3.2

Action                     || total
---------------------------++-------
  Melee: Unarmed           ||    11
         Constrict         ||     6
         Tentacles         ||     2
  Evoke: Wand              ||     1
   Stab: Sleeping          ||     4
 Armour: Skin              ||     1
  Dodge: Dodged            ||     8

Table legend: (Time is in decaauts)
 A = Elapsed time spent in this place.
 B = Non-inter-level travel time spent in this place.
 C = Inter-level travel time spent in this place.
 D = Time resting spent in this place.
 E = Time spent auto-exploring this place.
 F = Levels seen in this place.
 G = Mean time per level.
                   A        B        C        D        E       F      G
               +--------+--------+--------+--------+--------+-----+--------+
         Total |    325 |    293 |     32 |      0 |    227 |   3 |  108.3 |
       Dungeon |    325 |    293 |     32 |      0 |    227 |   3 |  108.3 |
               +--------+--------+--------+--------+--------+-----+--------+

Top non-repeatable levels by time:
     D:3: 167 daAuts
     D:2: 82 daAuts
     D:1: 75 daAuts
